 Dungeon Crawl Stone Soup version 0.29.0-4-gdea44cf6ec (webtiles) character file.

Game seed: 6040617290353639556

231 qw the Chopper (level 6, -2/35 HPs)
             Began as a Tengu Warper on Aug 28, 2022.
             Killed by divine providence
             ... invoked by an orc priest
              (12 damage)
             ... on level 4 of the Dungeon.
             The game lasted 00:00:21 (3888 turns).

qw the Chopper (Tengu Warper)                       Turns: 3888, Time: 00:00:21

Health: -2/35      AC:  8    Str: 14    XL:     6   Next: 4%
Magic:  10/10      EV:  8    Int: 13    God:
Gold:   113        SH:  0    Dex: 13    Spells: 9/9 levels left

rFire   . . .      SeeInvis .   Y - +0 hand axe
rCold   + . .      Faith    .   (no shield)
rNeg    . . .      Spirit   .   d - +0 chain mail
rPois   .          Reflect  .   (helmet restricted)
rElec   .          Harm     .   (no cloak)
rCorr   .          Rampage  .   (no gloves)
Will    .....                   (boots unavailable)
Stlth   ..........              (no amulet)
HPRegen 0.11/turn               h - ring of protection from cold
MPRegen 0.12/turn               (no ring)

@: flying quickly and evasively, quick
A: beak, talons 3, nimble flight
a: no special abilities


You were on level 4 of the Dungeon.
You visited 1 branch of the dungeon, and saw 4 of its levels.

You collected 113 gold pieces.


Innate Abilities, Weirdness & Mutations

You have a beak for a mouth.
You have claws for feet.
Your magical nature lets you fly swiftly and evasively.


   Skills:
 - Level 2.0 Fighting
 + Level 6.1 Axes
 - Level 1.0 Throwing
 - Level 2.6 Armour
 - Level 2.1 Dodging
 - Level 2.0 Spellcasting
 - Level 2.4 Translocations


You had 9 spell levels left.
You didn't know any spells.
Your spell library contained the following spells:

 Spells                   Type           Power      Damage    Failure   Level
 Blink                    Tloc           14%        N/A       98%         2
 Gell's Gravitas          Tloc           7%         N/A       100%        3
 Lesser Beckoning         Tloc           7%         N/A       100%        3
 Teleport Other           Tloc           7%         N/A       100%        3
 Manifold Assault         Tloc           7%         N/A       100%        5

Inventory:

Hand Weapons
 j - a +0 whip
 Y - a +0 hand axe (weapon)
Armour
 d - a +0 chain mail (worn)
Jewellery
 h - a ring of protection from cold (left hand)
Scrolls
 o - a scroll of identify
Potions
 a - a potion of magic {unknown}
 b - a potion of experience {unknown}
 c - a potion of invisibility {unknown}
 e - a potion of berserk rage {unknown}
 f - a potion of heal wounds
 g - a potion of lignification {unknown}
 i - a potion of cancellation {unknown}
 l - a potion of curing {unknown}

Dungeon Overview and Level Annotations

Branches:
Dungeon (4/15)
 Temple: D:4-7

Altars:


Message History

Things that are here:
a +0 short sword; a kobold corpse An orc comes into view.
It is wielding a +0 club.
An orc priest comes into view. It is wielding a +0 dagger.
The orc priest shouts!
The orc hits you but does no damage.
You closely miss the orc. The orc barely misses you.
You completely miss the orc. You claw the orc.
You kill the orc!
You hit the orc priest. Your kick misses the orc priest.
The orc priest is lightly wounded.
The orc priest calls down the wrath of Beogh upon you.
Pain shoots through your body!
You hit the orc priest but do no damage.
The orc priest is lightly wounded.
The orc priest hits you but does no damage.
You barely miss the orc priest. You peck the orc priest.
The orc priest is lightly wounded.
An orc comes into view. It is wielding a +0 dagger.
The orc priest closely misses you.
The orc shouts!
You hit the orc priest. Your peck misses the orc priest.
The orc priest is heavily wounded.
The orc priest calls down the wrath of Beogh upon you.
Pain shoots through your body!
You hit the orc priest but do no damage.
Your peck misses the orc priest.
The orc priest is heavily wounded.
The orc priest closely misses you.
You barely miss the orc priest. Your kick misses the orc priest.
Your peck misses the orc priest.
The orc priest is heavily wounded.
The orc priest hits you but does no damage.
You closely miss the orc priest.
You peck the orc priest, but do no damage.
The orc priest is heavily wounded.
The orc priest invokes the aid of Beogh against you.
Beogh smites you!
You die...

..# #.# #.# ...
#.# ##### #o#
#...# #o# #.#.#
#@# #.#.# #.#
#.#.# #.# #.#.#
#.# #.#.# #.#
#.#.####### #.#
#.#.......## #)#
#.##.......# #.#
#.###.###..#####.#


You could see an orc priest and an orc.

Vanquished Creatures
  A vampire bat (D:3)
  An adder (D:2)
  A worm (D:2)
  3 dart slugs
  3 fire bats (D:3)
  4 orcs
  2 spectral bats (D:3)
  3 bat skeletons (D:3)
  A bat zombie (D:3)
  5 endoplasms
  A giant cockroach (D:1)
  12 goblins
  5 hobgoblins
  9 jackals
  2 quokkas
  8 ball pythons
  17 bats
  A bat simulacrum (D:3)
  4 frilled lizards
  10 kobolds
  6 rats
99 creatures vanquished.

Notes
Turn   | Place    | Note
-------+----------+-------------------------------------------
     0 | D:1      | qw the Tengu Warper began the quest for the Orb.
     0 | D:1      | Reached XP level 1. HP: 12/12 MP: 4/4
     0 | D:1      | 0 ||| qw: Version: 0.1-a-89-g26bdef1
     0 | D:1      | 0 ||| qw: Game counter: 3257
     0 | D:1      | 0 ||| qw: Always use a shield: true
     0 | D:1      | 0 ||| qw: God list: Okawaru
     0 | D:1      | 0 ||| qw: Allow faded altars: false
     0 | D:1      | 0 ||| qw: Do Orc after D:15 true
     0 | D:1      | 0 ||| qw: Do second Lair branch before Depths: true
     0 | D:1      | 0 ||| qw: Lair rune preference: random
     0 | D:1      | 0 ||| qw: Plans: Normal
     0 | D:1      | 0 ||| PLANNING D:1-11
   137 | D:1      | Found a faded altar of an unknown god.
   178 | D:1      | 178 ||| Stepping ~*~*~tactically~*~*~ (hiding).
   187 | D:1      | Reached skill level 3 in Axes
   187 | D:1      | Reached XP level 2. HP: 12/17 MP: 6/6
   664 | D:1      | Reached XP level 3. HP: 21/21 MP: 7/7
   716 | D:1      | Reached skill level 4 in Axes
  1576 | D:1      | 1576 ||| UPGRADING to +0 chain mail.
  1586 | D:1      | 1586 ||| DROPPING +0 leather armour.
  1587 | D:1      | 1587 ||| UPGRADING to ring of protection from cold.
  1588 | D:1      | 1588 ||| READING scroll labelled CARYARPH VOWILE.
  1592 | D:1      | 1592 ||| READING scroll labelled MIPHIRCHI QOEN.
  1593 | D:1      | 1593 ||| READING scroll labelled MAR PUMUMITT.
  1594 | D:1      | 1594 ||| DRINKING 2 smoky white potions.
  1595 | D:1      | 1595 ||| DROPPING scroll of blinking.
  1664 | D:2      | 1664 ||| FLEEEEING.
  1665 | D:2      | 1665 ||| FLEEEEING.
  1666 | D:2      | 1666 ||| FLEEEEING.
  1667 | D:2      | 1667 ||| STAIRDANCE
  1708 | D:2      | 1708 ||| STAIRDANCE
  1925 | D:2      | Reached XP level 4. HP: 26/26 MP: 8/8
  1981 | D:2      | 1981 ||| Stepping ~*~*~tactically~*~*~ (stealth).
  1984 | D:2      | 1984 ||| Stepping ~*~*~tactically~*~*~ (stealth).
  1991 | D:2      | 1991 ||| Stepping ~*~*~tactically~*~*~ (stealth).
  2525 | D:2      | Reached skill level 5 in Axes
  2800 | D:2      | 2800 ||| DROPPING +6 ring of intelligence.
  2963 | D:3      | 2963 ||| Stepping ~*~*~tactically~*~*~ (stealth).
  3208 | D:3      | 3208 ||| Stepping ~*~*~tactically~*~*~ (stealth).
  3316 | D:3      | 3316 ||| Stepping ~*~*~tactically~*~*~ (hiding).
  3442 | D:3      | Gained mutation: Your magical nature lets you fly swiftly
                  | and evasively. [Tengu growth]
  3442 | D:3      | Reached XP level 5. HP: 30/30 MP: 9/9
  3457 | D:3      | Reached skill level 6 in Axes
  3696 | D:3      | Reached XP level 6. HP: 35/35 MP: 10/10
  3811 | D:3      | 3811 ||| READING scroll labelled SAEFOP FAFI.
  3812 | D:3      | 3812 ||| READING scroll labelled WATYFY ONOWK.
  3813 | D:3      | 3813 ||| READING 2 scrolls labelled LOPSIS KUOB.
  3814 | D:3      | 3814 ||| DROPPING scroll of immolation.
  3888 | D:4      | Killed from afar by an orc priest

Levels and vault maps discovered:
D:1:      co_arrival_random_square_maze, layout_basic,
          chequers_ecumenical_altar_island
D:2:      layout_basic
D:3:      kennysheep_the_goblin_king, layout_rooms, serial_glass,
          glass_columns_b, glass_columns_b, goddamned_bats
D:4:      layout_basic, mainiacjoe_overflow_two_lobes,
          nicolae_gozag_cash_rules_everything_around_me

Skill      XL: |  1  2  3  4  5 |
---------------+----------------+-----
Axes           | 3 4 5 6 |  6.1
Armour         | 2 |  2.6
Fighting       | |  2.0
Throwing       | |  1.0
Dodging        | |  2.1
Spellcasting   | |  2.0
Translocations | |  2.4

Action                   |  1- 3 |  4- 6 || total
-------------------------+-------+-------++-------
Melee: Hand axe          |   101 |   143 ||   244
       Kick              |    22 |    44 ||    66
       Peck              |    11 |    12 ||    23
       Punch             |     2 |       ||     2
Throw: Boomerang         |     7 |       ||     7
  Use: Scroll            |     3 |     3 ||     6
       Potion            |     1 |       ||     1
 Stab: Distracted        |     1 |       ||     1
Armor: Leather armour    |    28 |       ||    28
       Chain mail        |     6 |   111 ||   117
Dodge: Dodged            |    51 |    59 ||   110

Table legend:
 A = Non-vault XP
 B = Vault XP
 C = Vault XP percentage of total XP
 D = Non-vault monster count
 E = Vault monster count
 F = Vault count percentage of total count
                 A         B        C        D         E       F
            +---------+---------+-------+---------+---------+-------
      Total |     146 |     185 |  55.9 |      72 |      27 |  27.3
            +---------+---------+-------+---------+---------+-------
        D:1 |      70 |       0 |   0.0 |      38 |       0 |   0.0
        D:2 |      53 |       0 |   0.0 |      21 |       0 |   0.0
        D:3 |      19 |     185 |  90.7 |      11 |      27 |  71.1
        D:4 |       4 |       0 |   0.0 |       2 |       0 |   0.0
            +---------+---------+-------+---------+---------+-------
